AoeStats
← Tupak

Arabia

503290260Analyzed
1v1 RM · 10d ago on Aug 31, 2026· 40m 50s· 2 players
Game mode
Random Map
Map size
Tiny (2 player)
Population
200
Speed
Normal
Resources
Standard
Victory
Conquest
Starting age
Dark Age
Ending age
Imperial Age
RankedLock teamsTeams togetherTeam positionsShared explorationLock speedFull tech treeHidden civsTurbo modeCheats
Victory
Defeat
🇦🇷 Muisca · Argentina
1370
+18
🇨🇴 Saracens · Colombia
1409
-18
Tupak
7:28 Loom
9:44 Feudal Age
10:45 Double-Bit Axe
10:44 Horse Collar
12:38 Fletching
14:30 Padded Archer Armor
21:17 Castle Age
20:47 Gold Mining
20:50 Stone Mining
21:22 Crossbowman
22:22 Thumb Ring
23:00 Bodkin Arrow
25:36 Scale Mail Armor
25:49 Bow Saw
27:15 Wheelbarrow
27:05 Chain Mail Armor
28:09 Squires
30:25 Leather Archer Armor
31:42 Forging
33:59 Ballistics
34:35 Hand Cart
36:18 Herbalism
38:54 Imperial Age
39:44 Bracer
41:09 Two-Man Saw
40:47 Gold Shaft Mining
40:44 Plate Mail Armor
EXILE | German.Monstera
6:18 Loom
6:22 Loom
9:06 Feudal Age
10:09 Double-Bit Axe
14:44 Fletching
20:38 Castle Age
20:11 Scale Barding Armor
20:36 Bloodlines
21:22 Bodkin Arrow
21:02 Crossbowman
26:10 Chain Barding Armor
27:29 Horse Collar
29:55 Bow Saw
33:42 Forging
35:21 Iron Casting
36:33 Husbandry
39:07 Heavy Plow
42:12 Imperial Age
40:23 Wheelbarrow
40:39 Padded Archer Armor
Connection lost

Rejoining the realm…

Still unreachable

The connection could not be restored.

Session expired

The server has moved on; the page needs a fresh start.